General information
- name: BNet
- type: Ladder team game (AT/RT)
- host: Battle.net
- saver: FranceGerCucks
map: MarketSquare
- players: 8
- length: 04:50
- speed: Fast
- version: 1.28 W3XP
- replay type: Public
» download(45 KB)
Players
team 1 (winner)

»
SmegmaButter (
teal | 60 APM | 289 actions | 04:49)
2 Goblin Tinker
1 Pocket Factory
1 Engineering Upgrade
» actions
| Assign group hotkey | 3 | |
| Basic commands | 2 | |
| Build / train | 12 | |
| Enter build submenu | 6 | |
| Enter hero's abilities submenu | 2 | |
| Right click | 210 | |
| Select / deselect | 33 | |
| Select group hotkey | 11 | |
| Use ability | 10 | |
289 total
» units
» buildings
| Altar of Elders | 1 | |
| Moon Well | 1 | |
| Ancient of War | 2 | |
| Tree of Ages | 2 | |
| Tree of Life | 1 | |
7 total
» build order
00:22 Altar of Elders
00:34 Moon Well
02:50 Ancient of War
02:55 Ancient of War
03:23 Tree of Ages
03:23 Tree of Ages
04:37 Tree of Life
FranceGerCucks (
pink | 59 APM | 288 actions | 04:50)
» actions
| Assign group hotkey | 2 | |
| Build / train | 18 | |
| Enter build submenu | 12 | |
| Remove unit from queue | 1 | |
| Right click | 141 | |
| Select / deselect | 101 | |
| Use ability | 13 | |
288 total
» units
» buildings
| Lumber Mill | 1 | |
| Scout Tower | 7 | |
| Guard Tower | 5 | |
| Altar of Kings | 1 | |
| Farm | 1 | |
15 total
» build order
00:30 Lumber Mill
00:55 Scout Tower
00:55 Scout Tower
00:58 Scout Tower
00:58 Scout Tower
01:25 Scout Tower
01:32 Guard Tower
01:32 Guard Tower
01:40 Scout Tower
01:48 Guard Tower
01:57 Guard Tower
02:06 Guard Tower
03:09 Altar of Kings
03:12 Farm
04:42 Scout Tower
|c00F08080gucci (
green | 89 APM | 428 actions | 04:49)
1 Priestess of the Moon
1 Searing Arrows
» actions
| Assign group hotkey | 3 | |
| Build / train | 19 | |
| Enter build submenu | 8 | |
| Enter hero's abilities submenu | 1 | |
| Right click | 317 | |
| Select / deselect | 68 | |
| Use ability | 12 | |
428 total
» units
» buildings
| Moon Well | 3 | |
| Ancient of War | 1 | |
| Altar of Elders | 1 | |
| Ancient of Wonders | 1 | |
| Hunter's Hall | 1 | |
7 total
» build order
00:10 Moon Well
00:19 Ancient of War
01:09 Altar of Elders
02:06 Moon Well
02:28 Ancient of Wonders
03:36 Moon Well
03:59 Hunter's Hall
seaphi^n (
orange | 103 APM | 500 actions | 04:50)
1 Blademaster
1 Wind Walk
» actions
| Assign group hotkey | 5 | |
| Basic commands | 3 | |
| Build / train | 14 | |
| ESC pressed | 2 | |
| Enter build submenu | 7 | |
| Enter hero's abilities submenu | 1 | |
| Right click | 231 | |
| Select / deselect | 215 | |
| Select group hotkey | 6 | |
| Use ability | 16 | |
500 total
» units
» buildings
| Altar of Storms | 1 | |
| Orc Burrow | 4 | |
| Voodoo Lounge | 1 | |
| Stronghold | 1 | |
| War Mill | 1 | |
8 total
» build order
00:08 Altar of Storms
00:13 Orc Burrow
01:02 Voodoo Lounge
02:27 Stronghold
02:38 Orc Burrow
03:02 Orc Burrow
03:23 Orc Burrow
04:08 War Mill
» items
| Lesser Clarity Potion | 2 | |
| Healing Salve | 2 | |
4 total
team 2 (loser)
Aliencop (
purple | 23 APM | 110 actions | 04:45)
» actions
| Build / train | 19 | |
| ESC pressed | 1 | |
| Enter build submenu | 6 | |
| Right click | 28 | |
| Select / deselect | 50 | |
| Use ability | 6 | |
110 total
» units
» buildings
| Farm | 4 | |
| Barracks | 1 | |
| Altar of Kings | 1 | |
| Keep | 1 | |
7 total
» build order
00:23 Farm
00:38 Farm
00:58 Barracks
01:14 Altar of Kings
02:00 Farm
02:32 Farm
04:02 Keep
ted17 (
blue | 25 APM | 116 actions | 04:42)
1 Blademaster
1 Wind Walk
» actions
| Basic commands | 5 | |
| Build / train | 20 | |
| Enter build submenu | 6 | |
| Enter hero's abilities submenu | 1 | |
| Right click | 29 | |
| Select / deselect | 43 | |
| Use ability | 12 | |
116 total
» units
» upgrades
» buildings
| Altar of Storms | 1 | |
| Orc Burrow | 3 | |
| Voodoo Lounge | 1 | |
| Barracks | 1 | |
| Stronghold | 1 | |
7 total
» build order
00:21 Altar of Storms
00:27 Orc Burrow
00:55 Voodoo Lounge
01:38 Barracks
02:01 Orc Burrow
03:26 Stronghold
03:47 Orc Burrow
» items
123dssssss (
yellow | 63 APM | 293 actions | 04:38)
1 Goblin Tinker
1 Pocket Factory
» actions
| Assign group hotkey | 6 | |
| Build / train | 17 | |
| ESC pressed | 1 | |
| Enter build submenu | 7 | |
| Enter hero's abilities submenu | 1 | |
| Right click | 149 | |
| Select / deselect | 83 | |
| Select group hotkey | 17 | |
| Use ability | 12 | |
293 total
» units
» buildings
| Moon Well | 2 | |
| Ancient of War | 3 | |
| Altar of Elders | 1 | |
| Tree of Ages | 1 | |
7 total
» build order
00:28 Moon Well
00:42 Ancient of War
01:07 Ancient of War
01:12 Altar of Elders
01:42 Moon Well
03:10 Tree of Ages
03:22 Ancient of War

»
49ers (
red | 21 APM | 103 actions | 04:49)
» actions
| Basic commands | 5 | |
| Build / train | 8 | |
| Enter build submenu | 6 | |
| Remove unit from queue | 2 | |
| Right click | 33 | |
| Select / deselect | 42 | |
| Use ability | 7 | |
103 total
» units
» buildings
| Altar of Storms | 1 | |
| Orc Burrow | 2 | |
| Barracks | 1 | |
4 total
» build order
00:09 Altar of Storms
00:15 Orc Burrow
00:29 Barracks
01:22 Orc Burrow
Chat log
(00:47 / Allies) SmegmaButter: all come he,p
(00:51 / Allies) SmegmaButter: either attack top or go bot to red
(00:59 / Allies) |c00F08080gucci: ok
(01:12 / Allies) seaphi^n: make one burrow
(01:14 / Allies) seaphi^n: win
(01:16 / Allies) SmegmaButter: send more miltiai
(01:17 / Allies) SmegmaButter: pink
(01:18 / Allies) seaphi^n: peon to burrow
(01:31 / All) seaphi^n: go human ~~
(01:33 / All) seaphi^n: win ~
(01:37 / All) seaphi^n: 11:00
(01:56 / Allies) seaphi^n: ..
(02:08 / Allies) SmegmaButter: getting tinker
(04:40 / All) SmegmaButter: gg
(04:41 / Allies) SmegmaButter: wp pink
(04:45 / All) SmegmaButter: gg